 Dungeon Crawl Stone Soup version 0.19.4-9-g45fd643 (webtiles) character file.

195173 Morrissey the Devastator (level 17, -14/100 HPs)
             Began as a Deep Elf Conjurer on Feb 16, 2017.
             Was a High Priest of Vehumet.
             Demolished by a spark wasp (26 damage)
             ... on level 4 of the Spider Nest.
             The game lasted 03:06:53 (43305 turns).

Morrissey the Devastator (Deep Elf Conjurer)       Turns: 43305, Time: 03:06:53

Health: -14/100    AC: 13    Str:  9    XL:     17   Next: 70%
Magic:  19/36      EV: 23    Int: 38    God:    Vehumet [*****.]
Gold:   1605       SH:  0    Dex: 18    Spells: 8 memorised, 10 levels left

rFire  + . .     SeeInvis +     a - +3 morningstar of Dawn {crush, *Drain rF+ Int+2 Dex+3}
rCold  . . .     Gourm    .     R - +1 robe "Ufuyweb" {Int+5}
rNeg   . . .     Faith    .     (no shield)
rPois  .         Spirit   .     g - +2 hat
rElec  .         Reflect  .     S - +2 cloak
rCorr  .         Harm     .     p - +1 pair of gloves of the Buccaneer {Str+4 Int+3}
MR     +....                    L - +1 pair of boots
Stlth  ++........               l - amulet of magic regeneration
                                e - +3 ring of evasion
                                O - ring of see invisible

@: no status effects
A: talons 1
a: Renounce Religion
}: 1/15 runes: barnacled


You were on level 4 of the Spider Nest.
You worshipped Vehumet.
Vehumet was extremely pleased with you.
You were very hungry.

You visited 6 branches of the dungeon, and saw 32 of its levels.
You also visited: Ossuary.

You collected 2732 gold pieces.
You spent 1127 gold pieces at shops.

Inventory:

Hand Weapons
 a - the +3 morningstar of Dawn (weapon) {crush, *Drain rF+ Int+2 Dex+3}
   (You took it off a merfolk on level 4 of the Shoals)

   It inflicts extra damage upon your enemies.
   It affects your intelligence (+2).
   It affects your dexterity (+3).
   It protects you from fire.
   It causes draining when unequipped.
 D - a +5 eveningstar of freezing
Armour
 g - a +2 hat (worn)
 o - a +0 troll leather armour {Snorg}
 p - the +1 pair of gloves of the Buccaneer (worn) {Str+4 Int+3}
   (You found it on level 5 of the Lair of Beasts)

   It affects your strength (+4).
   It affects your intelligence (+3).
 L - a +1 pair of boots (worn)
 R - the +1 robe "Ufuyweb" (worn) {Int+5}
   (You bought it in a shop on level 2 of the Orcish Mines)

   It affects your intelligence (+5).
 S - a +2 cloak (worn)
Magical Staves
 x - an uncursed staff of wizardry
Jewellery
 e - a +3 ring of evasion (right hand)
 k - an uncursed ring of protection from cold
 l - an amulet of magic regeneration (around neck)
 v - an uncursed ring of protection from magic
 O - a ring of see invisible (left hand)
 X - an uncursed ring of wizardry
Wands
 d - a wand of flame (14/48)
 K - a wand of flame (17/48)
 M - a wand of enslavement (6/24)
 T - a wand of flame (26/48)
 W - a wand of disintegration (7/24)
 Z - a wand of acid (10/15)
Scrolls
 r - 2 scrolls of magic mapping
 s - 3 scrolls of teleportation
 u - 2 scrolls of amnesia
 w - 3 scrolls of fog
 y - 4 scrolls of recharging
 B - 3 scrolls of enchant weapon
 F - 14 scrolls of remove curse
 G - 4 scrolls of silence
 I - 3 scrolls of identify
 N - a scroll of fear
 U - 3 scrolls of enchant armour
 V - a scroll of brand weapon
 Y - 2 scrolls of blinking
Potions
 b - a potion of ambrosia
 i - 2 potions of cure mutation
 j - 8 potions of brilliance
 m - 2 potions of agility
 n - 6 potions of heal wounds
 t - 2 potions of invisibility
 z - 3 potions of haste
 A - 5 potions of curing
 C - 3 potions of berserk rage
 J - 2 potions of might
Books
 E - a book of Geomancy

   Spells                             Type                      Level
   a - Sandblast                      Earth                        1
   b - Passwall                       Transmutation/Earth          2
   c - Stone Arrow                    Conjuration/Earth            3
   d - Petrify                        Transmutation/Earth          4
   e - Lee's Rapid Deconstruction     Earth                        5
 P - a book of Death

   Spells                             Type                      Level
   a - Corpse Rot                     Necromancy                   2
   b - Sublimation of Blood           Necromancy                   2
   c - Agony                          Necromancy                   5
   d - Dispel Undead                  Necromancy                   5
   e - Excruciating Wounds            Charms/Necromancy            5
   f - Bolt of Draining               Conjuration/Necromancy       5
Miscellaneous
 f - a fan of gales
 Q - a phantom mirror
Comestibles
 c - 4 bread rations
 h - 12 royal jellies
 q - 12 fruits


   Skills:
 - Level 9.3 Fighting
 - Level 2.5 Maces & Flails
 - Level 8.0 Armour
 - Level 10.4 Dodging
 - Level 2.4 Stealth
 * Level 13.9 Spellcasting
 - Level 20.8 Conjurations
 - Level 8.6 Charms
 - Level 16.0 Fire Magic


You had 10 spell levels left.
You knew the following spells:

 Your Spells              Type           Power        Failure   Level  Hunger
a - Magic Dart            Conj           ####         0%          1    None
b - Searing Ray           Conj           ######       0%          2    None
c - Iskenderun's Mystic   Conj           ########     0%          4    None
d - Fireball              Conj/Fire      ########..   1%          5    None
e - Iskenderun's Battles  Conj/Chrm      #######.     1%          5    None
f - Bolt of Fire          Conj/Fire      ########..   1%          6    ##.....
g - Orb of Destruction    Conj           ########..   1%          7    ####...
t - Conjure Flame         Conj/Fire      ########     0%          3    None


Dungeon Overview and Level Annotations

Branches:
Dungeon (15/15)            Temple (1/1) D:4            Lair (6/6) D:11
 Shoals (4/4) Lair:2       Spider (4/4) Lair:2        Slime (0/5) Lair:5
    Orc (2/2) D:12            Elf (0/3) Orc:2        Vaults (0/5) D:13
 Depths (0/5) D:15

Altars:
Ashenzari
Cheibriados
Elyvilon
Fedhas
Gozag
Hepliaklqana
Kikubaaqudgha
Makhleb
Nemelex Xobeh
Okawaru
Qazlal
Ru
Sif Muna
Trog
Vehumet
Xom
Yredelemnul
Zin
The Shining One
Beogh
Jiyva

Shops:
D:8 *   D:12 [(   Orc:2 =[(*(

Annotations:
D:4 exclusion: downstairs
D:5 Menkaure
D:7 exclusion: downstairs
D:8 Erica
D:10 exclusion: downstairs
D:11 exclusion: downstairs
D:12 exclusion: 2 downstairs
D:13 exclusion: downstairs
Lair:1 exclusion: downstairs
Lair:3 exclusion: downstairs
Lair:5 exclusion: downstairs


Innate Abilities, Weirdness & Mutations

You have sharp toenails.


Message History

A redback comes into view.
Casting: Iskenderun's Mystic Blast
Confirm with . or Enter, or press ? or * to list all spells.
Aiming: Iskenderun's Mystic Blast
Press: ? - help, Shift-Dir - straight line, f/p - spark wasp
Aim: a spark wasp (severely wounded)
The orb of energy hits the spark wasp.
The spark wasp is almost dead.
The orb of energy explodes!
The spark wasp stings you!!
* * * LOW HITPOINT WARNING * * *
The spark wasp shocks you!
* * * LOW HITPOINT WARNING * * *
Unknown command.
Casting: Iskenderun's Mystic Blast
Confirm with . or Enter, or press ? or * to list all spells.
Aiming: Bolt of Fire
Press: ? - help, Shift-Dir - straight line, f/p - spark wasp
Aim: a spark wasp (almost dead)
The bolt of fire misses the spark wasp.
The spark wasp stings you!!
You die...

## ### .###
#.....( #
##.#.. ).#
###y..#.....
#...@....s..
#.#...#.....
##^#.s ...
....... .
... .....
##........
##.. ^#..
#..?...


You could see a spark wasp, a tarantella and a redback.

Vanquished Creatures
  Nikola (Spider:2)
  Arachne (Spider:3)
  2 krakens (Shoals:1)
  Gastronok (Lair:1)
  Ilsuiw (Shoals:4)
  An orc warlord (Orc:2)
  A ghost moth (Spider:2)
  4 emperor scorpions
  An entropy weaver (Spider:3)
  Nessos (Lair:4)
  The ghost of Dickchan the Severer, a journeyman HOFi of Uskayaw (Orc:1)
  Snorg (D:13)
  A spark wasp (Spider:1)
  11 merfolk impalers
  5 merfolk javelineers
  An ogre mage (D:14)
  Harold (D:11)
  An alligator snapping turtle (Shoals:3)
  8 hydras
  2 catoblepae
  2 centaur warriors
  8 merfolk avatars
  2 dancing weapons (D:13)
  2 tengu warriors (D:13)
  2 orc high priests (Orc:2)
  3 merfolk aquamancers
  6 death yaks (Lair:6)
  Urug (D:11)
  Sonja (D:14)
  4 skeletal warriors (D:15)
  8 sea snakes
  3 unseen horrors (D:15)
  A kraken simulacrum (Shoals:4)
  A necromancer (D:15)
  Pikel (D:5)
  The ghost of humperndinck the Slasher, a novice CeFi of Trog (D:7)
  16 harpies
  6 hill giants
  3 orc knights (Orc:2)
  10 orb spiders
  An oklob plant (Lair:2)
  8 orc sorcerers
  4 cyclopes
  4 fauns (Shoals:3)
  4 deep elf magi
  2 ugly things
  25 wolf spiders
  8 manticores
  6 black mambas
  9 sirens
  6 water nymphs
  2 torpor snails
  7 spiny frogs
  3 rime drakes
  2 ice devils (Lair:3)
  8 demonic crawlers
  6 komodo dragons
  2 tengu conjurers (D:13)
  27 merfolk
  23 jumping spiders
  10 trolls
  3 wind drakes
  Grinder (D:5)
  A wolf spider simulacrum (D:15)
  3 two-headed ogres
  9 hornets
  4 dream sheep (Lair:6)
  A harpy skeleton (D:14)
  29 blink frogs
  2 slime creatures (D:12)
  10 hippogriffs
  8 snapping turtles
  A meliai zombie (D:11)
  A shadow (D:14)
  2 centaur simulacra (D:15)
  50 redbacks
  26 tarantellas
  8 water elementals
  2 wraiths
  41 yaks
  6 wyverns
  2 basilisks
  5 hungry ghosts
  7 vampire mosquitoes
  5 wargs (Orc:2)
  A mottled dragon (D:13)
  10 water moccasins
  Duvessa (D:5)
  10 porcupines
  27 orc warriors
  4 black bears
  2 ice beasts
  A slave (D:5)
  5 phantoms
  An eye of draining (D:11)
  16 ogres
  9 wolves
  18 centaurs
  12 crocodiles
  5 big kobolds
  26 bullfrogs
  A gnoll sergeant (D:10)
  Dowan (D:5)
  3 scorpions
  A wyvern skeleton (D:8)
  5 wights (D:9)
  An electric eel (D:15)
  6 howler monkeys
  2 vampire bats (D:8)
  8 crimson imps
  3 centaur zombies
  A gnoll shaman (D:6)
  4 hounds
  11 jellies
  5 orc priests
  17 orc wizards
  Terence (D:3)
  6 centaur skeletons
  4 iguanas
  8 worker ants
  5 hound zombies
  3 worker ant zombies
  A hound skeleton (D:3)
  A howler monkey skeleton (D:5)
  14 gnolls
  16 adders
  A shadow imp (D:9)
  6 oozes
  4 adder zombies
  2 adder skeletons
  6 worms
  2 dart slugs
  9 leopard geckos
  75 orcs
  2 bat skeletons (D:8)
  4 bat zombies (D:8)
  6 giant cockroaches
  7 goblins
  13 hobgoblins
  3 jackals (D:4)
  3 quokkas
  A ball python (D:6)
  6 bats
  5 frilled lizards
  A hobgoblin zombie (Ossuary)
  31 kobolds
  A leopard gecko skeleton (D:6)
  A leopard gecko zombie (D:6)
  An orc zombie (Ossuary)
  A quokka skeleton (D:5)
  4 rats
  12 bushes (Lair:1)
  5 fungi
  25 plants
  3 tentacles
1037 creatures vanquished.

Vanquished Creatures (others)
  A bush (Lair:1)
  7 fungi
  4 plants
  12 tentacles
24 creatures vanquished.

Grand Total: 1061 creatures vanquished

Notes
Turn   | Place    | Note
-------+----------+-------------------------------------------
     0 | D:1      | Morrissey the Deep Elf Conjurer began the quest for the Orb.
     0 | D:1      | Reached XP level 1. HP: 10/10 MP: 6/6
   445 | D:1      | Reached XP level 2. HP: 15/15 MP: 1/8
   508 | D:1      | Learned a level 2 spell: Searing Ray
  1029 | D:2      | Reached skill level 5 in Conjurations
  1283 | D:1      | Reached XP level 3. HP: 13/19 MP: 0/10
  2060 | D:2      | Reached XP level 4. HP: 24/24 MP: 9/12
  2229 | D:3      | Noticed Terence
  2234 | D:3      | Killed Terence
  2470 | D:3      | Found a faded altar of an unknown god.
  2482 | D:3      | Reached skill level 6 in Conjurations
  2573 | D:3      | Found a blossoming altar of Fedhas.
  2619 | D:3      | Reached XP level 5. HP: 26/28 MP: 14/14
  2627 | D:3      | Learned a level 5 spell: Iskenderun's Battlesphere
  2632 | D:3      | Learned a level 4 spell: Iskenderun's Mystic Blast
  2653 | D:3      | Reached skill level 1 in Charms
  2657 | D:3      | Reached skill level 5 in Spellcasting
  3038 | D:3      | Found a deep blue altar of Sif Muna.
  3144 | D:4      | Found a sparkling altar of Nemelex Xobeh.
  3208 | D:4      | Noticed a phantom
  3244 | D:4      | Killed a phantom
  3244 | D:4      | Reached XP level 6. HP: 32/32 MP: 6/16
  3477 | D:4      | Found a staircase to the Ecumenical Temple.
  3485 | Temple   | Entered the Ecumenical Temple
  3503 | Temple   | Became a worshipper of Vehumet
  3528 | D:4      | Reached skill level 7 in Conjurations
  3674 | D:4      | Gained mutation: Your spells are a little harder to cast, but a little more powerful. [potion of mutation]
  3674 | D:4      | Gained mutation: You are weak. (Str -2) [potion of mutation]
  3674 | D:4      | Gained mutation: Your spells are harder to cast, but more powerful. [potion of mutation]
  3678 | D:4      | Reached XP level 7. HP: 21/36 MP: 1/17
  3785 | D:4      | Lost mutation: You are weak. (Str -2) [potion of cure mutation]
  3785 | D:4      | Lost mutation: Your spells are harder to cast, but more powerful. [potion of cure mutation]
  3785 | D:4      | Lost mutation: Your spells are a little harder to cast, but a little more powerful. [potion of cure mutation]
  4169 | D:4      | Reached * piety under Vehumet
  4169 | D:4      | Offered knowledge of Sting by Vehumet.
  4423 | D:4      | Reached skill level 5 in Charms
  4696 | D:5      | Entered Level 5 of the Dungeon
  4696 | D:5      | Noticed Duvessa
  4696 | D:5      | Noticed Dowan
  4696 | D:5      | Noticed Menkaure
  4824 | D:5      | Killed Duvessa
  4824 | D:5      | Reached skill level 8 in Conjurations
  4832 | D:5      | Killed Dowan
  4906 | D:5      | Reached XP level 8. HP: 41/41 MP: 8/19
  5240 | D:5      | Noticed Pikel
  5251 | D:5      | Killed Pikel
  5251 | D:5      | Reached skill level 10 in Conjurations
  5933 | D:5      | Noticed Grinder
  5938 | D:5      | Killed Grinder
  5988 | D:5      | Learned a level 5 spell: Fireball
  6204 | D:6      | Found a sand-covered staircase.
  6213 | Ossuary  | Entered an ossuary
  6325 | D:6      | Reached XP level 9. HP: 25/45 MP: 15/20
  6384 | D:6      | Reached skill level 1 in Fire Magic
  6521 | D:6      | Reached ** piety under Vehumet
  6523 | D:6      | Offered knowledge of Throw Frost by Vehumet.
  6693 | D:6      | Reached skill level 11 in Conjurations
  6751 | D:6      | Learned a level 3 spell: Conjure Flame
  7511 | D:7      | Found a snail-covered altar of Cheibriados.
  7617 | D:7      | Reached skill level 5 in Fire Magic
  7842 | D:7      | Noticed humperndinck's ghost (novice CeFi)
  7853 | D:7      | Killed humperndinck's ghost
  7853 | D:7      | Offered knowledge of Stone Arrow by Vehumet.
  7853 | D:7      | Reached skill level 5 in Dodging
  8222 | D:8      | Found an ancient bone altar of Kikubaaqudgha.
  8411 | D:8      | Reached *** piety under Vehumet
  8528 | D:8      | Reached XP level 10. HP: 50/50 MP: 13/21
  8533 | D:8      | Found a white marble altar of Elyvilon.
  8796 | D:8      | Noticed Erica
  9170 | D:8      | Reached skill level 12 in Conjurations
  9177 | D:8      | Offered knowledge of Static Discharge by Vehumet.
  9210 | D:8      | Found Nicsy's General Store.
  9312 | D:8      | Bought a potion of curing for 48 gold pieces
  9317 | D:8      | Found a shimmering altar of Xom.
  9327 | D:8      | Found a glowing golden altar of the Shining One.
  9372 | D:8      | Found a deep blue altar of Sif Muna.
  9374 | D:8      | Found an opulent altar of Gozag.
 10448 | D:9      | Found an iron altar of Okawaru.
 10855 | D:10     | Entered Level 10 of the Dungeon
 11208 | D:10     | Noticed a hill giant
 11227 | D:10     | Killed a hill giant
 11227 | D:10     | Reached skill level 13 in Conjurations
 11410 | D:10     | Reached **** piety under Vehumet
 11833 | D:11     | Offered knowledge of Bolt of Magma by Vehumet.
 12158 | D:11     | Found a staircase to the Lair.
 12399 | D:11     | Reached XP level 11. HP: 54/54 MP: 11/26
 12482 | D:11     | Learned a level 5 spell: Bolt of Magma
 12563 | D:11     | Reached skill level 14 in Conjurations
 12752 | D:11     | Noticed Urug
 12762 | D:11     | Killed Urug
 13131 | D:11     | Reached skill level 10 in Spellcasting
 13319 | D:11     | Noticed a hill giant
 13326 | D:11     | Killed a hill giant
 13432 | D:11     | Identified the Compendium of Congealing Enhancements
 13674 | D:11     | Noticed a purple ugly thing
 13685 | D:11     | Killed a purple ugly thing
 13834 | D:11     | Reached skill level 15 in Conjurations
 13898 | D:11     | Identified a +1 rod of inaccuracy (14/14) (You found it on level 11 of the Dungeon)
 13969 | D:11     | Noticed Harold
 14049 | D:11     | Killed Harold
 14454 | D:11     | Identified the Guide on Changing and Talismans
 14531 | D:12     | Reached ***** piety under Vehumet
 14532 | D:12     | Noticed a deep elf mage
 14626 | D:12     | Found Ylail's Armour Emporium.
 14628 | D:12     | Offered knowledge of Bolt of Fire by Vehumet.
 14751 | D:12     | Found a staircase to the Orcish Mines.
 14751 | D:12     | Found Gejutoet's Weapon Emporium.
 14820 | D:12     | Reached skill level 1 in Fighting
 14822 | D:12     | Reached XP level 12. HP: 60/60 MP: 8/28
 15147 | D:11     | Learned a level 6 spell: Bolt of Fire
 15936 | Lair:1   | Entered Level 1 of the Lair of Beasts
 16010 | Lair:1   | Noticed Gastronok
 16063 | Lair:1   | Killed Gastronok
 17597 | Lair:2   | Found a hole to the Spider Nest.
 18168 | Lair:2   | Reached skill level 10 in Dodging
 18207 | Lair:2   | Found a staircase to the Shoals.
 18253 | Lair:2   | Noticed an eight-headed hydra
 18256 | Lair:2   | Killed an eight-headed hydra
 18256 | Lair:2   | Reached XP level 13. HP: 72/72 MP: 10/32
 19143 | Lair:3   | Reached skill level 5 in Fighting
 19672 | Lair:3   | Found a frozen archway.
 20069 | Lair:4   | Noticed Nessos
 20685 | Lair:4   | Killed Nessos
 20686 | Lair:4   | Gained mutation: You have sharp toenails. [potion of beneficial mutation]
 21563 | Lair:5   | Reached skill level 10 in Fire Magic
 21925 | Lair:5   | Found a viscous altar of Jiyva.
 21926 | Lair:5   | Found a staircase to the Slime Pits.
 22396 | Lair:5   | Got a pair of bloodstained gloves
 22402 | Lair:5   | Identified the +1 pair of gloves of the Buccaneer {Str+4 Int+3} (You found it on level 5 of the Lair of Beasts)
 22551 | Lair:6   | Entered Level 6 of the Lair of Beasts
 22653 | Lair:6   | Offered knowledge of Throw Icicle by Vehumet.
 22965 | Lair:6   | Reached XP level 14. HP: 82/82 MP: 12/33
 23808 | Lair:6   | Found a glowing silver altar of Zin.
 24639 | D:13     | Noticed Snorg
 25482 | D:13     | Killed Snorg
 25561 | D:13     | Found a gate to the Vaults.
 25776 | D:14     | Reached skill level 1 in Armour
 25778 | D:14     | Noticed Sonja
 25851 | D:14     | Killed Sonja
 25860 | D:14     | Offered knowledge of Poisonous Cloud by Vehumet.
 26746 | D:15     | Entered Level 15 of the Dungeon
 26884 | D:15     | Reached skill level 5 in Armour
 27238 | D:15     | Found a basalt altar of Yredelemnul.
 27741 | D:15     | Reached XP level 15. HP: 90/90 MP: 31/34
 27810 | D:15     | Found a staircase to the Depths.
 27815 | D:15     | Offered knowledge of Irradiate by Vehumet.
 28341 | Orc:1    | Entered Level 1 of the Orcish Mines
 28345 | Orc:1    | Found a burning altar of Makhleb.
 28440 | Orc:1    | Noticed Dickchan's ghost (journeyman HOFi)
 28440 | Orc:1    | Found a roughly hewn altar of Beogh.
 28444 | Orc:1    | Killed Dickchan's ghost
 29036 | Orc:2    | Entered Level 2 of the Orcish Mines
 29036 | Orc:2    | Found a staircase to the Elven Halls.
 29488 | Orc:2    | Found Xupsie's Weapon Shop.
 29644 | Orc:2    | Noticed an orc warlord
 29648 | Orc:2    | Killed an orc warlord
 29648 | Orc:2    | Reached skill level 16 in Conjurations
 29746 | Orc:2    | Found Ycug's Antique Armour Emporium.
 29843 | Orc:2    | Found Vahez's Jewellery Boutique.
 29851 | Orc:2    | Bought an uncursed ring of see invisible for 195 gold pieces
 30242 | Orc:2    | Found Moghetust's General Store.
 30254 | Orc:2    | Bought a scroll of brand weapon for 280 gold pieces
 30254 | Orc:2    | Bought a potion of heal wounds for 70 gold pieces
 30254 | Orc:2    | Bought a scroll of blinking for 105 gold pieces
 30254 | Orc:2    | Bought a scroll of blinking for 105 gold pieces
 30254 | Orc:2    | Bought the +1 robe "Ufuyweb" {Int+5} for 324 gold pieces
 30356 | Orc:2    | Found Qohuxzen's Antique Weapon Boutique.
 30851 | Shoals:1 | Entered Level 1 of the Shoals
 31091 | Shoals:1 | Offered knowledge of Orb of Destruction by Vehumet.
 31168 | Shoals:1 | Learned a level 7 spell: Orb of Destruction
 31484 | Shoals:1 | Noticed a kraken
 31491 | Shoals:1 | Killed a kraken
 31491 | Shoals:1 | Reached skill level 17 in Conjurations
 31681 | Shoals:1 | Noticed a kraken
 32050 | Shoals:1 | Killed a kraken
 32747 | Shoals:2 | Reached XP level 16. HP: 49/96 MP: 12/35
 33458 | Shoals:3 | Offered knowledge of Ozocubu's Refrigeration by Vehumet.
 34078 | Shoals:3 | Reached skill level 15 in Fire Magic
 34341 | Shoals:4 | Entered Level 4 of the Shoals
 35578 | Shoals:4 | Noticed Ilsuiw
 35580 | Shoals:4 | Killed Ilsuiw
 36049 | Shoals:4 | Reached skill level 18 in Conjurations
 37014 | Shoals:4 | Got an ancient morningstar {crush}
 37016 | Shoals:4 | Identified the +3 morningstar of Dawn {crush, *Drain rF+ Int+2 Dex+3} (You took it off a merfolk on level 4 of the Shoals)
 37174 | Shoals:4 | Got a barnacled rune of Zot
 37257 | Spider:1 | Entered Level 1 of the Spider Nest
 37665 | Spider:1 | Offered knowledge of Freezing Cloud by Vehumet.
 37853 | Spider:1 | Reached skill level 19 in Conjurations
 37996 | Spider:1 | Reached skill level 1 in Maces & Flails
 38235 | Spider:1 | Reached XP level 17. HP: 100/100 MP: 15/36
 39861 | Spider:2 | Identified a scroll of acquirement
 40459 | Spider:2 | Reached skill level 20 in Conjurations
 40486 | Spider:2 | Noticed Nikola
 40804 | Spider:2 | Killed Nikola
 41599 | Spider:3 | Noticed Arachne
 41608 | Spider:3 | Killed Arachne
 43301 | Spider:4 | Entered Level 4 of the Spider Nest
 43305 | Spider:4 | Demolished by a spark wasp

Skill      XL: |  1  2  3  4  5  6  7  8  9 10 11 12 13 14 15 16 17 |
---------------+----------------------------------------------------+-----
Conjurations   | 5 6 7 8 10 11 13 15 17 19 20 | 20.8
Spellcasting   | 4 5 6 9 10 13 | 13.9
Charms         | 3 4 6 8 |  8.6
Fire Magic     | 6 11 12 13 16 | 16.0
Dodging        | 5 7 10 | 10.4
Fighting       | 1 4 7 9 |  9.3
Armour         | 6 8 |  8.0
Maces & Flails | 2 |  2.5
Stealth        | |  2.4

Action                   |  1- 3 |  4- 6 |  7- 9 | 10-12 | 13-15 | 16-18 || total
-------------------------+-------+-------+-------+-------+-------+-------++-------
Melee: Staff             |     2 |       |       |       |       |       ||     2
       Hand axe          |       |    19 |     4 |     4 |       |       ||    27
       Long sword        |       |     1 |       |       |       |       ||     1
       Eveningstar       |       |       |       |     7 |    29 |       ||    36
       Morningstar       |       |       |       |       |       |    18 ||    18
 Cast: Magic Dart        |    83 |    58 |   264 |   292 |    29 |    17 ||   743
       Searing Ray       |     6 |     8 |    12 |     2 |       |     1 ||    29
       Iskenderun's Batt |       |       |    16 |    36 |     7 |     4 ||    63
       Iskenderun's Myst |       |       |     9 |    95 |   228 |   224 ||   556
       Fireball          |       |       |     2 |    34 |    61 |    32 ||   129
       Conjure Flame     |       |       |       |    15 |       |     7 ||    22
       Bolt of Magma     |       |       |       |    13 |       |       ||    13
       Bolt of Fire      |       |       |       |    23 |   193 |   179 ||   395
       Orb of Destructio |       |       |       |       |       |     1 ||     1
Evoke: Wand              |       |       |       |    11 |       |    29 ||    40
       Fan of gales      |       |       |       |       |       |     1 ||     1
  Use: Scroll            |     2 |       |    10 |     7 |    12 |    16 ||    47
       Potion            |       |     5 |     1 |     3 |     3 |     5 ||    17
 Stab: Distracted        |       |       |       |     1 |       |       ||     1
  Eat: Chunk             |     3 |     5 |    13 |    36 |    43 |     8 ||   108
       Beef jerky        |       |       |     2 |     2 |     2 |       ||     6
       Meat ration       |       |       |     1 |     2 |     3 |     2 ||     8
       Bread ration      |       |       |       |       |     2 |     4 ||     6
       Fruit             |       |       |       |       |     4 |     4 ||     8
       Pizza             |       |       |       |       |       |     1 ||     1
       Royal jelly       |       |       |       |       |       |     1 ||     1
Armor: Robe              |     2 |     5 |    17 |     8 |    12 |    40 ||    84
       Troll leather arm |       |       |       |       |    16 |       ||    16
Dodge: Dodged            |     5 |    27 |    86 |    47 |   138 |   159 ||   462
